 Dungeon Crawl Stone Soup version 0.25-a0-860-gf695395b5c (webtiles) character file.

Game seed: 13759033925666050735, levelgen mode: deterministic

46 Nixze the Gusty (level 3, -2/26 HPs)
             Began as a Draconian Air Elementalist on Apr 28, 2020.
             Was an Initiate of Qazlal.
             Slain by Sigmund
             ... wielding a +2 vampiric scythe
              (12 damage)
             ... on level 2 of the Dungeon.
             The game lasted 00:05:51 (1960 turns).

Nixze the Gusty (Draconian Air Elementalist)        Turns: 1960, Time: 00:05:52

Health: -2/26      AC:  6    Str: 10    XL:     3   Next: 46%
Magic:  0/6        EV: 12    Int: 16    God:    Qazlal [......]
Gold:   134        SH:  0    Dex: 11    Spells: 2/6 levels left

rFire    . . .     SeeInvis .   h - +0 short sword
rCold    . . .     Gourm    .   (no shield)
rNeg     . . .     Faith    .   (armour unavailable)
rPois    .         Spirit   .   (helmet restricted)
rElec    .         Reflect  .   j - +0 cloak
rCorr    .         Harm     .   (no gloves)
MR       .....                  (no boots)
Stlth    ++........             (no amulet)
HPRegen  0.08/turn              (no ring)
MPRegen  0.10/turn              (no ring)

@: no status effects
A: unfitting armour, cold-blooded, AC +5
a: Renounce Religion


You were on level 2 of the Dungeon.
You worshipped Qazlal.
Qazlal was noncommittal.
You were near starving.

You visited 1 branch of the dungeon, and saw 2 of its levels.

You collected 134 gold pieces.

Inventory:

Hand Weapons
 h - a +0 short sword (weapon)
Armour
 j - a +0 cloak (worn)
Jewellery
 d - an uncursed ring of protection from fire
Scrolls
 c - 4 scrolls of identify {unknown}
 e - 2 scrolls of amnesia {unknown}
 g - a scroll of remove curse {unknown}
 i - a scroll of noise {unknown}
 l - 2 scrolls of teleportation {unknown}
Potions
 a - a potion of haste {unknown}
 k - a potion of lignification {unknown}
 m - 2 potions of heal wounds {unknown}
Comestibles
 b - 3 rations


   Skills:
 - Level 1.7 Dodging
 - Level 1.7 Stealth
 - Level 2.0 Spellcasting
 - Level 1.0 Conjurations
 * Level 4.5 Air Magic
 + Level 0.0 Invocations


You had 2 spell levels left.
You knew the following spells:

 Your Spells              Type           Power        Failure   Level  Hunger
a - Shock                 Conj/Air       ##..         7%          1    #......
b - Static Discharge      Conj/Air       ##......     21%         3    ###....

Your spell library contained the following spells:

 Spells                   Type           Power        Failure   Level  Hunger
 Swiftness                Chrm/Air       #.......     12%         2    ###....
 Airstrike                Air            ###.......   32%         4    #####..
 Lightning Bolt           Conj/Air       ##........   88%         5    ######.


Dungeon Overview and Level Annotations

Branches:
Dungeon (2/15)

Altars:
Hepliaklqana
Qazlal

Annotations:
D:2 1 runed translucent door, Crazy Yiuf, Sigmund, Terence


Innate Abilities, Weirdness & Mutations

Your plain brown scales are hard. (AC +5)
You cannot fit into any form of body armour.
You are cold-blooded and may be slowed by cold attacks.


Message History

Aiming: Shock (safe; 7% risk of failure)
Press: ? - help, Shift-Dir - straight line
Casting: Shock (safe; 7% risk of failure)
Confirm with . or Enter, or press ? or * to list all spells.
Aiming: Shock (safe; 7% risk of failure)
Press: ? - help, Shift-Dir - straight line Something hits you.
Casting: Shock (safe; 7% risk of failure)
Confirm with . or Enter, or press ? or * to list all spells.
Aiming: Shock (safe; 7% risk of failure)
Press: ? - help, Shift-Dir - straight line The zap hits something.
You hear some strange, mumbled words.
Something tries to affect you, but you resist.
Casting: Shock (safe; 7% risk of failure)
Confirm with . or Enter, or press ? or * to list all spells.
Aiming: Shock (safe; 7% risk of failure)
Press: ? - help, Shift-Dir - straight line The zap hits something.
Something hits you!
You die...

#.#.#.#............#..## #.#
#.#................##..####.#
##.#............<...###....!.#
##.#..[......(......#
#####......
...##..............## ####..(
##...#................ ...
###.#####..###.###### .. #.##
##.....###### .J #..#
####..@....# # ##.##
####.#####..# #..####....#
##.#....#### #.#.#### #...#
#####


There were no monsters in sight!

Vanquished Creatures
  An ooze (D:1)
  2 worms (D:2)
  5 bats
  A giant cockroach (D:2)
  3 goblins (D:1)
  9 hobgoblins
  4 kobolds
  A quokka (D:2)
  4 frilled lizards (D:1)
  4 rats (D:1)
34 creatures vanquished.

Notes
Turn   | Place    | Note
-------+----------+-------------------------------------------
     0 | D:1      | Nixze the Draconian Air Elementalist began the quest for
                  | the Orb.
     0 | D:1      | Reached XP level 1. HP: 14/14 MP: 3/3
   362 | D:1      | Reached XP level 2. HP: 20/20 MP: 1/5
   838 | D:1      | Reached skill level 4 in Air Magic
   916 | D:1      | You fall into a shaft and drop 1 floor!
   920 | D:2      | Found a runed translucent door.
   921 | D:2      | Noticed Crazy Yiuf
   963 | D:2      | Noticed Terence
  1000 | D:2      | Found a hazy altar of Hepliaklqana.
  1037 | D:1      | Reached XP level 3. HP: 26/26 MP: 1/6
  1488 | D:2      | Learned a level 3 spell: Static Discharge
  1597 | D:2      | HP: 1/26 [Terence/+0 trident (3)]
  1896 | D:2      | Found a stormy altar of Qazlal.
  1919 | D:2      | Became a worshipper of Qazlal Stormbringer
  1952 | D:2      | Noticed Sigmund
  1960 | D:2      | Slain by Sigmund

Levels and vault maps discovered:
D:1:      scummos_arrival_hexagon, layout_rooms, serial_curves, eino_curves_04,
          eino_curves_04, eino_curves_02, corner_web_ring,
          minmay_misc_feat_pillars, minmay_misc_feat_roman, eino_curves_02,
          st_stairs_14, due_unseen_surprise
D:2:      layout_rooms, lemuel_crystal_altar, lemuel_crystal_altar,
          uniq_crazy_yiuf_cottage, uniq_terence, uniq_sigmund

Skill      XL: |  1  2 |
---------------+-------+-----
Air Magic      | 4 |  4.5
Dodging        | |  1.7
Stealth        | |  1.7
Spellcasting   | |  2.0
Conjurations   | |  1.0

Action                   || total
-------------------------++-------
Melee: Unarmed           ||    16
       Tailslap          ||     3
       Short sword       ||     5
 Cast: Shock             ||    91
  Eat: Chunk             ||     3
Armor: Skin              ||    10
Dodge: Dodged            ||    28

Table legend:
 A = Non-vault XP
 B = Vault XP
 C = Vault XP percentage of total XP
 D = Non-vault monster count
 E = Vault monster count
 F = Vault count percentage of total count
                 A         B        C        D         E       F
            +---------+---------+-------+---------+---------+-------
      Total |      65 |       2 |   3.0 |      33 |       1 |   2.9
            +---------+---------+-------+---------+---------+-------
        D:1 |      46 |       2 |   4.2 |      26 |       1 |   3.7
        D:2 |      19 |       0 |   0.0 |       7 |       0 |   0.0
            +---------+---------+-------+---------+---------+-------
